 Dungeon Crawl Stone Soup version 0.25.1-2-g60ff931df9 (webtiles) character file.

Game seed: 11617821897448677105

570 solopath the Chiller (level 7, -1/46 HPs)
             Began as a Barachi Ice Elementalist on Nov 12, 2020.
             Was a Follower of Cheibriados.
             Slain by an ogre
             ... wielding a +0 giant spiked club
              (26 damage)
             ... on level 4 of the Dungeon on Nov 27, 2020.
             The game lasted 00:09:38 (3645 turns).

solopath the Chiller (Barachi Ice Elementalist)     Turns: 3645, Time: 00:09:39

Health: -1/46      AC:  2    Str: 15 (18) XL:     7   Next: 34%
Magic:  18/22      EV: 12    Int: 17 (19) God:    Cheibriados [*.....]
Gold:   156        SH:  0    Dex: 13 (14) Spells: 2/14 levels left

rFire    . . .     SeeInvis .   e - +0 dagger
rCold    . . .     Gourm    .   (no shield)
rNeg     . . .     Faith    .   a - +0 robe
rPois    .         Spirit   .   (no helmet)
rElec    .         Reflect  .   (no cloak)
rCorr    .         Harm     .   (no gloves)
MR       .....                  (no boots)
Stlth    ++........             (no amulet)
HPRegen  0.15/turn              l - +6 ring of strength
MPRegen  0.18/turn              u - ring of magical power

@: frozen ramparts, very slow
A: +LOS, swims, slowness 1, strong legs 1
a: Hop, Bend Time, Renounce Religion


You were on level 4 of the Dungeon.
You worshipped Cheibriados.
Cheibriados was aware of your devotion.
You were not hungry.

You visited 1 branch of the dungeon, and saw 4 of its levels.

You collected 156 gold pieces.

Inventory:

Hand Weapons
 e - a +0 dagger (weapon)
Missiles
 f - 21 poisoned darts (quivered)
Armour
 a - a +0 robe (worn)
 b - a +0 kite shield
Jewellery
 l - a +6 ring of strength (left hand)
 u - a ring of magical power (right hand)
Wands
 p - a wand of paralysis (14)
Scrolls
 d - a scroll of fear {unknown}
 i - a scroll of blinking {unknown}
 k - a scroll of magic mapping {unknown}
 m - 4 scrolls of teleportation {unknown}
 o - a scroll of identify {unknown}
 r - a scroll of enchant weapon {unknown}
 s - a scroll of amnesia {unknown}
 t - a scroll of fog {unknown}
Potions
 g - 2 potions of resistance
 h - a potion of cancellation
 n - a potion of curing
 q - a potion of stabbing
Comestibles
 c - 6 rations
 j - 4 chunks of flesh


   Skills:
 + Level 3.0 Short Blades
 - Level 2.1 Dodging
 + Level 3.8 Stealth
 + Level 4.0 Spellcasting
 + Level 0.0 Summonings
 * Level 7.6 Ice Magic


You had 2 spell levels left.
You knew the following spells:

 Your Spells              Type           Power        Failure   Level  Hunger
a - Freeze                Ice            ####         1%          1    None
b - Frozen Ramparts       Ice            ####..       1%          3    ###....
c - Hailstorm             Conj/Ice       ###.....     32%         4    ####...
d - Summon Ice Beast      Ice/Summ       ###.....     32%         4    ####...

Your spell library contained the following spells:

 Spells                   Type           Power        Failure   Level  Hunger
 Ozocubu's Armour         Chrm/Ice       ###.....     10%         3    ###....


Dungeon Overview and Level Annotations

Branches:
Dungeon (4/15)
 Temple: D:4-7

Altars:
Cheibriados
Fedhas
Gozag
Qazlal
Yredelemnul
Zin


Innate Abilities, Weirdness & Mutations

You can be seen from farther away. (+LOS)
You can swim through water.
You cover ground slowly.
You can hop short distances.


Message History

A giant cockroach comes into view.
Casting: Frozen Ramparts (safe; 1% risk of failure)
Confirm with . or Enter, or press ? or * to list all spells.
The walls around you are covered in ice.
The wall freezes the ogre.
The ogre hits you with a +0 giant spiked club!!
Unknown command.
You hit the ogre.
The ogre is moderately wounded.
Casting: Frozen Ramparts (safe; 1% risk of failure)
Confirm with . or Enter, or press ? or * to list all spells.
Aiming: Freeze (safe; 1% risk of failure)
Press: ? - help, Shift-Dir - straight line, f - ogre
Aim: an ogre, wielding a +0 giant spiked club (moderately wounded)
You freeze the ogre!
The ogre is severely wounded.
The wall freezes the ogre.
The ogre hits you with a +0 giant spiked club!!
Ouch! That really hurt!
You die...

.# . .. .... .# ... ....
..# .... .... ## #.#..
#..####.. ..# #....##
#....#... ..#
#......####..s...#..##
........... #....#...###
..........# #..O......#
..........# ###.@.##
..#.......###.#....# ...
.##.........#.....###..#
...(..................##
.#.##.##.##...##.......###
##.##.##.####.####.......#
.........#..#.# ##.......#
..###.........###........#
.####.................#.


You could see an ogre and a giant cockroach.

Vanquished Creatures
  A hound (D:4)
  2 orc priests (D:4)
  A jelly (D:4)
  A centaur skeleton (D:4)
  8 orc wizards
  2 worker ants (D:4)
  5 adders
  A howler monkey skeleton (D:4)
  An ooze (D:3)
  An adder skeleton (D:4)
  5 worms
  2 dart slugs
  2 leopard geckos
  10 orcs
  2 ball pythons
  6 bats
  2 giant cockroaches (D:3)
  10 goblins
  6 hobgoblins
  2 jackals (D:3)
  2 quokkas
  6 frilled lizards
  5 kobolds
  A leopard gecko skeleton (D:4)
  6 rats
90 creatures vanquished.

Notes
Turn   | Place    | Note
-------+----------+-------------------------------------------
     0 | D:1      | solopath the Barachi Ice Elementalist began the quest for
                  | the Orb.
     0 | D:1      | Reached XP level 1. HP: 13/13 MP: 3/3
    91 | D:1      | Reached skill level 5 in Ice Magic
    97 | D:1      | Reached XP level 2. HP: 9/19 MP: 3/5
   775 | D:2      | Found a stormy altar of Qazlal.
   789 | D:2      | Reached XP level 3. HP: 21/24 MP: 1/6
   844 | D:2      | Learned a level 3 spell: Frozen Ramparts
   861 | D:2      | Found a blossoming altar of Fedhas.
  1121 | D:2      | Found a basalt altar of Yredelemnul.
  1384 | D:2      | Found a glowing silver altar of Zin.
  1518 | D:2      | Found an opulent altar of Gozag.
  1634 | D:2      | Noticed a phantom
  1681 | D:3      | Reached XP level 4. HP: 19/30 MP: 5/8
  2009 | D:3      | Reached skill level 1 in Short Blades
  2111 | D:3      | Reached skill level 6 in Ice Magic
  2349 | D:3      | Reached XP level 5. HP: 25/35 MP: 2/9
  2718 | D:4      | Reached XP level 6. HP: 35/41 MP: 5/11
  2777 | D:4      | Found a snail-covered altar of Cheibriados.
  2932 | D:4      | Became a worshipper of Cheibriados the Contemplative
  2975 | D:4      | Reached skill level 7 in Ice Magic
  3081 | D:4      | Reached XP level 7. HP: 28/46 MP: 6/12
  3535 | D:4      | Reached * piety under Cheibriados
  3546 | D:4      | Learned a level 4 spell: Hailstorm
  3551 | D:4      | Learned a level 4 spell: Summon Ice Beast
  3645 | D:4      | Slain by an ogre

Illustrated notes

Levels and vault maps discovered:
D:1:      nzn_arrival_water_spiral, layout_rooms, roderic_lattice_a
D:2:      layout_loops_ring, grunt_temple_overflow_forces_of_nature,
          zin_academy, nicolae_overflow_crystal_walls, grunt_gozag_statues
D:3:      layout_rooms, first_ration, st_stairs_14, minmay_misc_feat_encased
D:4:      layout_cave_pools, kennysheep_mini, kennysheep_slug_shrine,
          minmay_temple_entry_mist, chequers_serial_rivers_small_3

Skill      XL: |  1  2  3  4  5  6  7 |
---------------+----------------------+-----
Stealth        | 2 3 |  3.8
Ice Magic      | 5 6 7 |  7.6
Short Blades   | 1 2 3 |  3.0
Spellcasting   | 3 4 |  4.0
Dodging        | |  2.1

Action                   |  1- 3 |  4- 6 |  7- 9 || total
-------------------------+-------+-------+-------++-------
Melee: Dagger            |    47 |    49 |    13 ||   109
Throw: Dart              |    18 |    19 |     6 ||    43
 Cast: Freeze            |    28 |    50 |     7 ||    85
       Frozen Ramparts   |     4 |    10 |     4 ||    18
 Abil: Hop               |       |     2 |     1 ||     3
  Use: Potion            |       |     6 |       ||     6
 Stab: Sleeping          |     5 |     2 |       ||     7
  Eat: Chunk             |     3 |     6 |     2 ||    11
Armor: Robe              |    19 |    11 |     1 ||    31
Dodge: Dodged            |    39 |    54 |     5 ||    98
